 Dungeon Crawl Stone Soup version 0.20-b1-18-gaa2fd62 (webtiles) character file.

26 dududu the Ruffian (level 3, 0/25 (26) HPs)
             Began as a Ghoul Wanderer on May 24, 2017.
             Slain by an adder (3 damage)
             ... on level 2 of the Dungeon.
             The game lasted 00:03:43 (867 turns).

dududu the Ruffian (Ghoul Wanderer)                  Turns: 867, Time: 00:03:44

HP:   0/25 (26)     AC:  8    Str: 17    XL:     3   Next: 8%
MP:   3/3           EV:  9    Int:  6    God:
Gold: 26            SH:  0    Dex:  8    Spells: 4/4 levels left

rFire    . . .     SeeInvis .   a - +0 whip
rCold    + . .     Gourm    .   (no shield)
rNeg     + + +     Faith    .   e - +2 scale mail
rPois    ∞         Spirit   .   (no helmet)
rElec    .         Reflect  .   (no cloak)
rCorr    .         Harm     .   (no gloves)
MR       .....                  (no boots)
Stlth    ..........             (no amulet)
Regen    0.0/turn               (no ring)
MPRegen  0.1/turn               (no ring)

@: rotting
A: rotting body, claws 1, carnivore 3, cold resistance 1, negative energy
resistance 3, inhibited regeneration, torment resistance, unbreathing
a: no special abilities


You were on level 2 of the Dungeon.
You were not hungry.

You visited 1 branch of the dungeon, and saw 2 of its levels.

You collected 26 gold pieces.

Inventory:

Hand Weapons
 a - a +0 whip (weapon)
Missiles
 i - 44 stones (quivered)
 k - 22 sling bullets
 n - 7 tomahawks
Armour
 e - a +2 scale mail (worn)
 o - a +0 shield
Scrolls
 c - 2 scrolls of teleportation
 d - a scroll of enchant weapon {unknown}
 h - 2 scrolls of amnesia {unknown}
 j - a scroll of remove curse {unknown}
Potions
 b - a potion of curing
 g - a potion of flight {unknown}
 m - 2 potions of lignification {unknown}
 q - a potion of haste {unknown}
Comestibles
 f - 2 meat rations
 p - a royal jelly


   Skills:
 - Level 1.7 Maces & Flails
 - Level 1.0 Throwing
 - Level 2.6 Armour
 - Level 1.1 Stealth
 + Level 2.9 Unarmed Combat
 - Level 1.0 Spellcasting
   Level 2.1 Earth Magic


You had 4 spell levels left.
You didn't know any spells.

Dungeon Overview and Level Annotations

Branches:
Dungeon (2/15)

Altars:
Dithmenos


Innate Abilities, Weirdness & Mutations

Your body is rotting away.
You thrive on raw meat.
You are immune to poison.
You have sharp fingernails.
You are carnivorous and can eat meat at any time.
Your flesh is cold resistant. (rC+)
You are immune to negative energy. (rN+++)
You do not regenerate when monsters are visible.
You are immune to unholy pain and torment.
You can survive without breathing.


Message History

The adder is severely wounded.
The adder bites you.
You hit the adder but do no damage.
The adder is severely wounded.
The adder bites you.
* * * LOW HITPOINT WARNING * * *
You barely miss the adder.
The adder is severely wounded.
The adder barely misses you. The adder bites you but does no damage.
You barely miss the adder.
The adder is severely wounded.
The adder bites you.
* * * LOW HITPOINT WARNING * * *
Your scale mail prevents you from hitting the adder.
The adder is severely wounded.
The adder bites you but does no damage.
You hit the adder.
The adder is almost dead.
The adder bites you.
You die...

#.............######
#.............
#....>#######.
#.....# ###.### #.#
. ####.######## #
#...........#
#.##@#####..##.
#.##S# ....
#.##K#####...#
#.##g.......#
#.##..#.##..#
#.##(...##
#.###.#..# #.#
#...........
#..##.g.g...


You could see an adder, a hobgoblin and a kobold.

Vanquished Creatures
  3 dart slugs (D:1)
  A giant cockroach (D:2)
  A goblin (D:1)
  3 hobgoblins
  2 jackals (D:2)
  2 kobolds (D:1)
  A quokka (D:2)
  2 frilled lizards
  5 rats (D:1)
20 creatures vanquished.

Notes
Turn   | Place    | Note
-------+----------+-------------------------------------------
     0 | D:1      | dududu the Ghoul Wanderer began the quest for the Orb.
     0 | D:1      | dududu set off with: a +2 scale mail, a potion of curing, a scroll of teleportation, a +0 club, a meat ration
     0 | D:1      | Reached XP level 1. HP: 14/14 MP: 1/1
    15 | D:1      | Reached skill level 1 in Unarmed Combat
   126 | D:1      | Reached XP level 2. HP: 19/19 MP: 2/2
   823 | D:2      | Found a shadowy altar of Dithmenos.
   839 | D:2      | Reached XP level 3. HP: 15/25 MP: 3/3
   867 | D:2      | Slain by an adder

Skill      XL: |  1  2 |
---------------+-------+-----
Unarmed Combat | 1 2 |  2.9
Maces & Flails | |  1.7
Throwing       | |  1.0
Armour         | |  2.6
Stealth        | |  1.1
Spellcasting   | |  1.0
Earth Magic    | |  2.1

Action                   || total
-------------------------++-------
Melee: Club              ||    18
       Whip              ||   103
       Punch             ||     1
Throw: Stone             ||     2
  Eat: Chunk             ||     5
Armor: Scale mail        ||    51
Dodge: Dodged            ||    51
